 Dungeon Crawl Stone Soup version 0.13.1-22-g086cdba (webtiles) character file.

137 Kae the Insei (level 3, -6/28 HPs)
             Began as a Draconian Transmuter on Dec 31, 2013.
             Mangled by a gnoll
             ... wielding a +1,+0 halberd of dragon slaying
              (13 damage)
             ... on Level 2 of the Dungeon.
             The game lasted 00:00:52 (948 turns).

Kae the Insei (Draconian Transmuter)                 Turns: 948, Time: 00:00:52

HP  -6/28        AC  5     Str 12      XL: 3   Next: 26%
MP   3/4         EV 12     Int 13      God:
Gold 98          SH  0     Dex 12      Spells:  3 memorised,  0 levels left

Res.Fire  : . . .   See Invis. : .     - Unarmed
Res.Cold  : . . .   Warding    : .   (armour unavailable)
Life Prot.: . . .   Conserve   : .   (no shield)
Res.Poison: .       Res.Corr.  : .   (helmet restricted)
Res.Elec. : .       Clarity    : .   (no cloak)
Sust.Abil.: . .     Spirit.Shd : .   (no gloves)
Res.Mut.  : .       Stasis     : .   (boots unavailable)
Res.Rott. : .       Flight     : .   (no amulet)
Saprovore : . . .                    (no ring)
                                     (no ring)

@: appendage (expiring), not resistant to hostile enchantments, unstealthy
A: unfitting armour, talons 3, AC +5
a: End Transformation


You were on level 2 of the Dungeon.
You were not hungry.
You had grown temporary talons.
You visited 1 branch of the dungeon, and saw 2 of its levels.

You collected 78 gold pieces.

Inventory:

Missiles
 b - 12 arrows
Comestibles
 a - a bread ration
Scrolls
 e - 4 scrolls of curse armour {unknown}
 g - a scroll of remove curse {unknown}
 h - 2 scrolls of identify {unknown}
 i - a scroll of fear {unknown}
Potions
 c - 2 potions of curing {unknown}
 f - a potion of agility {unknown}
Books
 d - a book of Changes

   Spells                             Type                      Level
   *Beastly Appendage                 Transmutation                1
   *Sticks to Snakes                  Transmutation                2
   *Spider Form                       Transmutation/Poison         3
   Ice Form                           Ice/Transmutation            4
   Blade Hands                        Transmutation                5
Magical staves
 j - an uncursed staff of conjuration


   Skills:
 - Level 1.1 Fighting
 - Level 1.7 Dodging
 * Level 4.0 Unarmed Combat
 - Level 2.0 Spellcasting
 + Level 2.6 Transmutations


You couldn't memorise any spells.
You knew the following spells:

 Your Spells              Type           Power        Failure   Level  Hunger
a - Beastly Appendage     Trmt           #.....       10%         1    ##.....
b - Sticks to Snakes      Trmt           #.........   14%         2    ###....
c - Spider Form           Trmt/Pois      #.........   52%         3    ####...


Dungeon Overview and Level Annotations

Branches:
Dungeon (2/27)

Altars:


Innate Abilities, Weirdness & Mutations

Your plain brown scales are hard (AC +5).*
Your body does not fit into most forms of armour.
Your cold-blooded metabolism reacts poorly to cold.
You have claws for feet.*


Message History

The gnoll is almost dead.
Your transformation is almost over.
The gnoll barely misses you.
You hit the gnoll but do no damage.
The gnoll is almost dead.
The gnoll misses you.
A gnoll comes into view. It is wielding a runed halberd.
You hit the gnoll.
You kill the gnoll!
Your Unarmed Combat skill increases to level 4!
The gnoll closely misses you.
You closely miss the gnoll. You barely miss the gnoll.
The gnoll barely misses you.
A gnoll comes into view.
You barely miss the gnoll.
The gnoll shouts!
The gnoll hits you with a runed halberd!
* * * LOW HITPOINT WARNING * * *
You convulse!
You die...

#.# # #.# .# ###
#.####.# .. #.##...
#.##.##.#####
#.#..<......#
#.g....<....#
........#)........#
g..###.#@........#
. #.g(........#
###.........#
#.........#
#.........#
#.........#
###########


You could see 2 gnolls.

Vanquished Creatures
  A gnoll (D:2)
  A ball python (D:1)
  2 giant cockroaches (D:1)
  6 goblins (D:1)
  4 hobgoblins (D:1)
  3 kobolds (D:1)
  2 bats (D:1)
  A giant gecko (D:1)
  3 giant newts (D:1)
  4 rats (D:1)
27 creatures vanquished.

Notes
Turn   | Place    | Note
--------------------------------------------------------------
     0 | D:1      | Kae, the Draconian Transmuter, began the quest for the Orb.
     0 | D:1      | Reached XP level 1. HP: 16/16 MP: 1/1
   302 | D:1      | Reached XP level 2. HP: 23/23 MP: 3/3
   819 | D:1      | Reached XP level 3. HP: 21/28 MP: 4/4
   913 | D:2      | Learned a level 2 spell: Sticks to Snakes
   923 | D:2      | Learned a level 3 spell: Spider Form
   945 | D:2      | Reached skill level 4 in Unarmed Combat
   948 | D:2      | Mangled by a gnoll

Action                   || total
-------------------------++-------
Melee: Unarmed           ||   113
 Cast: Beastly Appendage ||     2
 Stab: Sleeping          ||     1
